 Dungeon Crawl Stone Soup version 0.21-a0-417-g0adc95b (webtiles) character file.

102 trolface1997 the Firebug (level 4, -16/30 HPs)
             Began as a Demonspawn Fire Elementalist on Nov 2, 2017.
             Was an Initiate of Vehumet.
             Engulfed by a cloud of flame (21 damage)
             ... on level 3 of the Dungeon on Nov 3, 2017.
             The game lasted 00:24:22 (3540 turns).

trolface1997 the Firebug (DsFE)                     Turns: 3540, Time: 00:24:23

Health: -16/30     AC:  8    Str:  9    XL:     4   Next: 50%
Magic:  7/7        EV: 17    Int: 17    God:    Vehumet [......]
Gold:   167        SH:  4    Dex: 18    Spells: 5/8 levels left

rFire    . . .     SeeInvis .   f - +0 dagger (distort)
rCold    . . .     Gourm    .   g - +0 buckler
rNeg     . . .     Faith    .   a - +0 robe
rPois    .         Spirit   .   (no helmet)
rElec    .         Reflect  .   (no cloak)
rCorr    .         Harm     .   (no gloves)
MR       .....                  (no boots)
Stlth    +++.......             (no amulet)
HPRegen  0.10/turn              (no ring)
MPRegen  0.10/turn              (no ring)

@: agile, sanguine armour
A: powered by pain 1, sanguine armour 1
a: Renounce Religion


You were on level 3 of the Dungeon.
You worshipped Vehumet.
Vehumet was noncommittal.
You were not hungry.

You visited 1 branch of the dungeon, and saw 4 of its levels.

You collected 167 gold pieces.

Inventory:

Hand Weapons
 e - a +0 club
 f - a +0 dagger of distortion (weapon)
Armour
 a - a +0 robe (worn)
 g - a +0 buckler (worn)
Wands
 l - a wand of iceblast (4/15)
Scrolls
 h - 2 scrolls of magic mapping {unknown}
 i - 6 scrolls of identify {unknown}
 j - 2 scrolls of remove curse {unknown}
 n - a scroll of noise {unknown}
 o - a scroll of teleportation {unknown}
 q - a scroll of amnesia {unknown}
Potions
 d - a potion of curing {unknown}
 k - a potion of agility {unknown}
 p - a potion of mutation {unknown}
Books
 b - a book of Flames

   Spells                             Type                      Level
   a - Flame Tongue                   Conjuration/Fire             1
   b - Throw Flame                    Conjuration/Fire             2
   c - Conjure Flame                  Conjuration/Fire             3
   d - Inner Flame                    Hexes/Fire                   3
   e - Sticky Flame                   Conjuration/Fire             4
   f - Fireball                       Conjuration/Fire             5
 m - a book of Cantrips

   Spells                             Type                      Level
   a - Confusing Touch                Hexes                        1
   b - Animate Skeleton               Necromancy                   1
   c - Summon Small Mammal            Summoning                    1
   d - Apportation                    Translocation                1
Comestibles
 c - 4 bread rations
 r - 2 chunks of flesh
 s - 3 fruits


   Skills:
 * Level 1.2 Short Blades
 - Level 2.5 Dodging
 - Level 1.8 Stealth
 * Level 0.6 Shields
 + Level 2.6 Spellcasting
 + Level 1.5 Conjurations
 * Level 3.3 Fire Magic


You had 5 spell levels left.
You knew the following spells:

 Your Spells              Type           Power        Failure   Level  Hunger
a - Flame Tongue          Conj/Fire      ##...        10%         1    #......
b - Throw Flame           Conj/Fire      ##....       16%         2    ##.....


Dungeon Overview and Level Annotations

Branches:
Dungeon (4/15)
 Temple: D:4-7

Altars:
Qazlal
Vehumet


Innate Abilities, Weirdness & Mutations

You sometimes gain a little power by taking damage.
When seriously injured, your bleeding wounds create armour. (AC +6)


Message History

[Y]es or [N]o only, please.
Really walk into that cloud of flame? [Y]es or [N]o only, please.
Really walk into that cloud of flame? [Y]es or [N]o only, please.
Really walk into that cloud of flame? [Y]es or [N]o only, please.
Really walk into that cloud of flame?
You are engulfed in blazing flames.
Ouch! That really hurt!
* * * LOW HITPOINT WARNING * * *
You focus on the pain.
You feel agile all of a sudden.
Your blood congeals into armour.
There is a radiant altar of Vehumet here.
You kneel at the altar of Vehumet.
Vehumet welcomes you!
You are engulfed in blazing flames.
Ouch! That really hurt!
You die...

#########.#.#....§#.#
#.#.###.###.# #.#.#
#.###.### #.#.# #........
##### #.#.# #########
#...###.#.# #..
#####..§§...# ### #..
............# ... #..
######..@..######.#####..
.........§...............
####≈##..§.$######.#......
...♣≈♣..........##.#.#....
#≈≈≈P≈.#######.#.........
#≈≈≈P≈..## #..#.#...#
♣♣≈P≈≈...# #..#......
♣≈≈P≈P...## .####.....#
#♣P≈P≈≈...≈# ...........


There were no monsters in sight!

Vanquished Creatures
  3 adders (D:2)
  2 oozes (D:1)
  2 worms (D:2)
  3 dart slugs
  A leopard gecko (D:2)
  2 ball pythons
  6 bats
  A giant cockroach (D:1)
  4 goblins (D:1)
  11 hobgoblins
  2 jackals (D:1)
  7 frilled lizards
  5 kobolds
  6 rats
55 creatures vanquished.

Notes
Turn   | Place    | Note
-------+----------+-------------------------------------------
     0 | D:1      | trolface1997 the Demonspawn Fire Elementalist began the quest for the Orb.
     0 | D:1      | Reached XP level 1. HP: 13/13 MP: 3/3
   172 | D:1      | Gained mutation: You sometimes gain a little power by taking damage. [demonic ancestry]
   172 | D:1      | Reached XP level 2. HP: 4/19 MP: 0/5
   690 | D:1      | Learned a level 2 spell: Throw Flame
  1109 | D:1      | Reached skill level 3 in Fire Magic
  1189 | D:2      | Gained mutation: When seriously injured, your bleeding wounds create armour. (AC +6) [demonic ancestry]
  1189 | D:2      | Reached XP level 3. HP: 24/24 MP: 0/6
  2102 | D:2      | Reached skill level 1 in Short Blades
  2102 | D:2      | Reached XP level 4. HP: 30/30 MP: 1/7
  3055 | D:3      | Found a stormy altar of Qazlal.
  3148 | D:3      | Upgraded the game from 0.21-a0-414-gba8bdf1 to 0.21-a0-417-g0adc95b
  3526 | D:3      | Found a radiant altar of Vehumet.
  3540 | D:3      | Became a worshipper of Vehumet
  3540 | D:3      | Engulfed by a cloud of flame

Vault maps used:
D:1:      minmay_arrival_stair_chambers
D:2:      minmay_wonky_spiral, first_bread
D:3:      fiery_altar_vehumet, serial_bayou_ford_a, grunt_qazlal_clouds
D:4:      grunt_temple_overflow_opulence, kennysheep_little_box,
          kennysheep_minor_cross, uniq_sigmund

Skill      XL: |  1  2  3 |
---------------+----------+-----
Dodging        | 2 |  2.5
Fire Magic     | 3 |  3.3
Short Blades   | 1 |  1.2
Stealth        | |  1.8
Shields        | |  0.6
Spellcasting   | |  2.6
Conjurations   | |  1.5

Action                   |  1- 3 |  4- 6 || total
-------------------------+-------+-------++-------
Melee: Unarmed           |    12 |       ||    12
       Club              |     1 |       ||     1
       Dagger            |     3 |     6 ||     9
 Cast: Flame Tongue      |    47 |    29 ||    76
       Throw Flame       |    22 |    14 ||    36
  Eat: Chunk             |     1 |     4 ||     5
       Bread ration      |     1 |       ||     1
       Royal jelly       |       |     1 ||     1
Armor: Robe              |     1 |     5 ||     6
Dodge: Dodged            |    10 |    21 ||    31
Block: Buckler           |     3 |     2 ||     5

Table legend:
 A = Spawn XP
 B = Non-spawn XP
 C = Spawn XP percentage of total XP
 D = Spawn monster count
 E = Non-spawn monster count
 F = Spawn count percentage of total count
 G = Total turns spent on level
                    A         B        C        D         E        F      G
               +---------+---------+-------+---------+---------+-------+---------
         Total |       0 |     147 |   0.0 |       0 |      55 |   0.0 |  3540
               +---------+---------+-------+---------+---------+-------+---------
           D:1 |       0 |      59 |   0.0 |       0 |      28 |   0.0 |  1772
           D:2 |       0 |      71 |   0.0 |       0 |      16 |   0.0 |  1266
           D:3 |       0 |      17 |   0.0 |       0 |      11 |   0.0 |   498
               +---------+---------+-------+---------+---------+-------+---------
